[Event "Team 45 45 League T73"]
[Site "Internet Chess Club"]
[Date "2017.06.26"]
[Round "2"]
[White "watkins"]
[Black "bradleyguo175"]
[Result "0-1"]
[WhiteElo "1492"]
[BlackElo "1659"]
[Opening "Queen's pawn: London system"]
[ECO "A45"]
[Time "16:31:01"]
[TimeControl "2700+45"]

1. d4 Nf6 2. Bf4 d6 3. Nf3 g6 4. e3 Bg7 5. Nbd2 O-O 6. c3 c5 7. Qc2 cxd4 8. exd4
e5 9. dxe5 dxe5 10. Bxe5 Bf5 11. Qb3 Qe7 12. O-O-O Nc6 13. Nc4 Nxe5 14. Ncxe5
Bh6+ 15. Nd2 Qxe5 16. Qxb7 Rab8 17. Qxa7 Qxc3+ 18. bxc3 Rb1# {White checkmated}
0-1

[Event "Team 45 45 League T73"]
[Site "Internet Chess Club"]
[Date "2017.06.26"]
[Round "2"]
[White "anishio"]
[Black "Kingofknights"]
[Result "1-0"]
[WhiteElo "1579"]
[BlackElo "1490"]
[Opening "Caro-Kann: advance variation"]
[ECO "B12"]
[Time "20:30:39"]
[TimeControl "2700+45"]

1. e4 c6 2. d4 d5 3. e5 Bf5 4. Nf3 e6 5. Be2 c5 6. c3 Nc6 7. Be3 cxd4 8. cxd4
Bb4+ 9. Nbd2 Rc8 10. a3 Ba5 11. O-O Nge7 12. b4 Bb6 13. Nb3 O-O 14. Rc1 a5 15.
b5 Nb8 16. a4 Nd7 17. Nc5 Rc7 18. Qb3 Ng6 19. Bd3 Bxd3 20. Qxd3 Nh4 21. Ng5 g6
22. Ngxe6 Nxc5 23. Nxc5 Nf5 24. Bf4 Qe7 25. e6 Rcc8 26. exf7+ Qxf7 27. Be5 Bd8
28. Nb3 Rxc1 29. Rxc1 b6 30. Rc6 Ne7 31. Rf6 Qe8 32. Qf3 Nf5 33. Qxd5+ {Black
resigns} 1-0

[Event "Team 45 45 League T73"]
[Site "Internet Chess Club"]
[Date "2017.06.25"]
[Round "2"]
[White "cadmiumorange"]
[Black "bobhill"]
[Result "0-1"]
[WhiteElo "1842"]
[BlackElo "1848"]
[Opening "Sicilian: Grand Prix attack"]
[ECO "B23"]
[Time "14:31:12"]
[TimeControl "2700+45"]

1. e4 c5 2. Nc3 Nc6 3. f4 g6 4. Nf3 Bg7 5. Bc4 d6 6. O-O Nf6 7. d3 O-O 8. Qe1
Bg4 9. e5 Ne8 10. Ng5 Nd4 11. Qh4 h5 12. h3 Bd7 13. g4 e6 14. gxh5 Nf5 15. Qg4
d5 16. hxg6 fxg6 17. Nxd5 exd5 18. Bxd5+ Kh8 19. Nf7+ Rxf7 20. Bxf7 Nh6 21. Qxg6
Bxh3 22. Rf3 Qh4 23. Be3 Nxf7 24. Rg3 Bf5 25. Qxf7 Qxg3+ 26. Kh1 Bg4 {White
resigns} 0-1

[Event "Team 45 45 League T73"]
[Site "Internet Chess Club"]
[Date "2017.06.25"]
[Round "2"]
[White "parrot9"]
[Black "PolishRyszard"]
[Result "0-1"]
[WhiteElo "1670"]
[BlackElo "1798"]
[Opening "Sicilian: dragon, Yugoslav attack, 7...O-O"]
[ECO "B76"]
[Time "14:00:44"]
[TimeControl "2700+45"]

1. e4 c5 2. Nf3 d6 3. d4 cxd4 4. Nxd4 Nf6 5. Nc3 g6 6. f3 Bg7 7. Be3 O-O 8. Qd2
Nc6 9. Nb3 Be6 10. O-O-O Rc8 11. g4 Nb4 12. Nd4 Rxc3 13. bxc3 Qa5 14. Nxe6 Qa3+
{White resigns} 0-1

[Event "Team 45 45 League T73"]
[Site "Internet Chess Club"]
[Date "2017.06.25"]
[Round "2"]
[White "liujf"]
[Black "Gojira"]
[Result "0-1"]
[WhiteElo "1612"]
[BlackElo "1595"]
[Opening "Sicilian: accelerated fianchetto, modern variation"]
[ECO "B34"]
[Time "19:00:36"]
[TimeControl "2700+45"]

1. e4 c5 2. Nf3 Nc6 3. d4 cxd4 4. Nxd4 g6 5. Nc3 Bg7 6. Be3 Nf6 7. Be2 O-O 8.
O-O d5 9. exd5 Nb4 10. Nb3 Nfxd5 11. Nxd5 Nxd5 12. Bc1 b6 13. Bf3 e6 14. c4 Ba6
15. cxd5 Bxf1 16. Kxf1 Re8 17. Be3 exd5 18. Bxd5 Rc8 19. Rb1 Qf6 20. Qf3 Qxf3
21. Bxf3 Rc2 22. Nd4 Rc4 23. Bd5 Rxd4 24. Bxd4 Bxd4 25. b3 Rc8 26. Rd1 Bc5 27.
Rc1 Rd8 28. Rd1 Kf8 29. Ke2 Ke7 30. Kf3 f5 31. Kf4 Kf6 32. f3 Bf2 33. h4 h6 34.
Rd2 g5+ 35. hxg5+ hxg5# {White checkmated} 0-1

[Event "Team 45 45 League T73"]
[Site "Internet Chess Club"]
[Date "2017.06.25"]
[Round "2"]
[White "crazyhorses"]
[Black "Xbug"]
[Result "1-0"]
[WhiteElo "1371"]
[BlackElo "1151"]
[Opening "Sicilian defense"]
[ECO "B30"]
[Time "14:05:49"]
[TimeControl "2700+45"]

1. e4 c5 2. Nf3 Nc6 3. d3 g6 4. Nbd2 Bg7 5. c3 d6 6. g3 Be6 7. Bg2 Qd7 8. O-O
Nf6 9. Re1 O-O 10. Nf1 Rfb8 11. Ne3 b5 12. Qc2 Ne8 13. Nd5 Nc7 14. c4 a6 15. Rb1
Bg4 16. Be3 Bxf3 17. Bxf3 Ne6 18. Bg4 h5 19. Bh3 Qd8 20. Bxe6 fxe6 21. Nf4 Kf7
22. Qe2 b4 23. g4 Qg8 24. Kh1 e5 25. gxh5 {Black resigns} 1-0

[Event "Team 45 45 League T73"]
[Site "Internet Chess Club"]
[Date "2017.06.23"]
[Round "2"]
[White "Freitac"]
[Black "JSCOL"]
[Result "0-1"]
[WhiteElo "1956"]
[BlackElo "2126"]
[Opening "Benkö gambit accepted"]
[ECO "A58"]
[Time "18:00:30"]
[TimeControl "2700+45"]

1. d4 c5 2. d5 Nf6 3. c4 b5 4. cxb5 a6 5. bxa6 Bxa6 6. Nc3 g6 7. g3 Bg7 8. Bg2
d6 9. Nf3 Nbd7 10. Rb1 Nb6 11. b3 Bb7 12. Nh4 Nfd7 13. Bb2 O-O 14. O-O c4 15. b4
f5 16. Qc2 Bxc3 17. Qxc3 Nf6 18. Qe3 Nfxd5 19. Qe6+ Rf7 20. Nxg6 Bc8 21. Nxe7+
Qxe7 22. Qh6 c3 23. Bc1 Qf6 24. e4 fxe4 25. Bxe4 Qxh6 26. Bxh6 Bf5 27. Bxd5 Nxd5
28. Rbd1 Nxb4 29. Rxd6 c2 30. Ra1 Rd7 31. Rxd7 Bxd7 32. a3 Bh3 33. Bc1 Nd3 34.
f4 Rb8 {White resigns} 0-1

[Event "Team 45 45 League T73"]
[Site "Internet Chess Club"]
[Date "2017.06.24"]
[Round "2"]
[White "f5"]
[Black "ArturitoGalacti"]
[Result "1-0"]
[WhiteElo "2027"]
[BlackElo "1852"]
[Opening "Caro-Kann: classical, Spassky variation"]
[ECO "B19"]
[Time "22:01:25"]
[TimeControl "2700+45"]

1. e4 c6 2. d4 d5 3. Nc3 dxe4 4. Nxe4 Bf5 5. Ng3 Bg6 6. h4 h6 7. Nf3 Nd7 8. h5
Bh7 9. Bd3 Bxd3 10. Qxd3 Qc7 11. Bd2 e6 12. O-O-O Ngf6 13. Ne4 Nc5 14. Nxf6+
gxf6 15. dxc5 {Black resigns} 1-0

[Event "Team 45 45 League T73"]
[Site "Internet Chess Club"]
[Date "2017.06.23"]
[Round "2"]
[White "LobowolfXXX"]
[Black "santiagoelawad"]
[Result "1/2-1/2"]
[WhiteElo "1869"]
[BlackElo "1977"]
[Opening "Caro-Kann: Steinitz variation"]
[ECO "B17"]
[Time "19:01:05"]
[TimeControl "2700+45"]

1. e4 c6 2. d4 d5 3. Nd2 dxe4 4. Nxe4 Nd7 5. Ne2 Ndf6 6. N4g3 g6 7. Nf4 Bg7 8.
Be2 Nd5 9. c3 Ngf6 10. O-O Qd6 11. Nd3 b5 12. Qb3 h5 13. Ne5 h4 14. Nh1 Be6 15.
Qc2 O-O 16. h3 c5 17. Bg5 cxd4 18. cxd4 Rfc8 19. Qd1 Ne4 20. Bxh4 g5 21. Ng3
Ndf6 22. Bf3 Nxf2 23. Rxf2 gxh4 24. Ne4 Nxe4 25. Bxe4 Bxe5 26. dxe5 Qxd1+ 27.
Rxd1 Rab8 28. Rf4 Rc5 29. Rxh4 Rxe5 30. Bh7+ Kg7 31. Rd3 Rg5 32. Be4 Rc8 33. Bf3
Rc1+ 34. Kh2 Rc2 35. Ra3 Rxb2 36. Rxa7 Rxa2 37. Rxe7 Bc4 38. Rb7 Bf1 39. Rg4
Rxg4 40. hxg4 Bc4 41. Kg3 Rb2 42. Kf4 b4 43. Ke5 b3 44. Kd4 Be6 45. Be4 Re2 46.
Kd3 Rc2 47. g5 Kf8 48. Kd4 Rd2+ 49. Kc3 Rf2 50. Kd3 Rf4 51. g6 f5 52. Bf3 Ra4
53. Kc3 Rc4+ 54. Kxb3 Rc7+ 55. Kb2 Rxb7+ 56. Bxb7 Kg7 57. Kc3 Kxg6 58. Kd4 Kg5
59. Ke3 Kg4 60. Kf2 f4 61. Bf3+ Kh4 62. Ba8 Kg4 63. Bf3+ Kh4 {Game drawn by
mutual agreement} 1/2-1/2

[Event "Team 45 45 League T73"]
[Site "Internet Chess Club"]
[Date "2017.06.25"]
[Round "2"]
[White "VictorRed"]
[Black "charles-allen"]
[Result "1/2-1/2"]
[WhiteElo "1693"]
[BlackElo "1859"]
[Opening "Queen's pawn game, Darooha variation "]
[ECO "D02"]
[Time "09:14:56"]
[TimeControl "2700+45"]

1. d4 d5 2. Nf3 Nf6 3. Nc3 c5 4. Bf4 Nc6 5. e3 Bg4 6. Be2 e6 7. Nb5 Rc8 8. O-O
a6 9. Nc3 b5 10. Ne5 Bxe2 11. Nxe2 Nxe5 12. Bxe5 Bd6 13. Bxd6 Qxd6 14. h3 cxd4
15. Nxd4 O-O 16. c3 Rc7 17. f3 Rfc8 18. Ne2 Qb6 19. Qd2 b4 20. Rfc1 bxc3 21.
Rxc3 Rxc3 {Game drawn by mutual agreement} 1/2-1/2

[Event "Team 45 45 League T73"]
[Site "Internet Chess Club"]
[Date "2017.06.23"]
[Round "2"]
[White "gomeschess"]
[Black "Dreamshell"]
[Result "1-0"]
[WhiteElo "2071"]
[BlackElo "1885"]
[Opening "Sicilian: Najdorf, Byrne (English) attack"]
[ECO "B90"]
[Time "19:04:55"]
[TimeControl "2700+45"]

1. e4 c5 2. Nf3 d6 3. d4 cxd4 4. Nxd4 Nf6 5. Nc3 a6 6. Be3 e5 7. Nb3 Be6 8. f3
h5 9. a4 Be7 10. Be2 Nbd7 11. Nd5 Nxd5 12. exd5 Bf5 13. c4 O-O 14. O-O Bg5 15.
Qd2 Bxe3+ 16. Qxe3 Rc8 17. Rac1 Qb6 18. Qxb6 Nxb6 19. Na5 Rc7 20. b3 f6 21. c5
dxc5 22. d6 Rd7 23. Rxc5 Nc8 24. Rc7 b6 25. Nb7 Rxc7 26. dxc7 Be6 27. Nd8 Bxb3
28. Bxa6 Na7 29. Rb1 Bxa4 30. Rxb6 Bd7 31. Rb8 Re8 32. Ra8 Nc6 33. Bb5 Kf8 34.
Bxc6 {Black resigns} 1-0

[Event "Team 45 45 League T73"]
[Site "Internet Chess Club"]
[Date "2017.06.26"]
[Round "2"]
[White "volodia80"]
[Black "soccerisfun"]
[Result "0-1"]
[WhiteElo "1700"]
[BlackElo "1942"]
[Opening "Giuoco Piano"]
[ECO "C54"]
[Time "13:02:24"]
[TimeControl "2700+45"]

1. e4 e5 2. Nf3 Nc6 3. Bc4 Bc5 4. c3 Nf6 5. d3 a6 6. Bb3 O-O 7. O-O d5 8. Nbd2
Be6 9. Bc2 d4 10. Re1 Ng4 11. c4 Ne3 12. fxe3 dxe3 13. Kh1 exd2 14. Bxd2 f6 15.
a3 a5 16. Rb1 Qe7 17. Rf1 Rfd8 18. Qe1 a4 19. Qg3 Nd4 20. Nxd4 Bxd4 21. b4 axb3
22. Rxb3 b6 23. Bb4 Qf7 24. Bd1 b5 25. Be2 bxc4 26. dxc4 Bxc4 27. Bxc4 Qxc4 28.
Rbf3 Kh8 29. Be7 Rd7 30. Bxf6 gxf6 31. Rxf6 Rg7 32. Qh4 Bc5 33. Qh6 Qxe4 34. Qd2
Rag8 35. R6f3 Rxg2 36. Qxg2 Rxg2 37. Kxg2 Qe2+ 38. Kh3 e4 39. Rf7 Bd6 40. R1f2
Qh5+ 41. Kg2 e3 {White resigns} 0-1

[Event "Team 45 45 League T73"]
[Site "Internet Chess Club"]
[Date "2017.06.22"]
[Round "2"]
[White "gz99754539"]
[Black "Bryant-L"]
[Result "0-1"]
[WhiteElo "1646"]
[BlackElo "1688"]
[Opening "French: Tarrasch, open, 4.ed ed"]
[ECO "C08"]
[Time "17:16:21"]
[TimeControl "2700+45"]

1. e4 e6 2. d4 d5 3. Nd2 c5 4. exd5 exd5 5. Bb5+ Nc6 6. Ne2 Nf6 7. O-O Bd6 8.
dxc5 Bxc5 9. Nf3 Ne4 10. Ne5 O-O 11. Nxc6 bxc6 12. Bxc6 Nxf2 13. Rxf2 Bxf2+ 14.
Kxf2 Qf6+ 15. Nf4 Qxc6 16. Nxd5 Kh8 17. Be3 Rd8 18. c4 Qxc4 19. Nb6 Qh4+ 20. g3
Qxh2+ 21. Kf1 Ba6+ 22. Ke1 Rxd1+ 23. Rxd1 Qe2# {White checkmated} 0-1

[Event "Team 45 45 League T73"]
[Site "Internet Chess Club"]
[Date "2017.06.24"]
[Round "2"]
[White "jjimalo"]
[Black "nitishdas"]
[Result "1/2-1/2"]
[WhiteElo "1730"]
[BlackElo "1936"]
[Opening "Blumenfeld counter-gambit"]
[ECO "A46"]
[Time "11:00:21"]
[TimeControl "2700+45"]

1. d4 Nf6 2. Nf3 c5 3. d5 e6 4. c4 b5 5. dxe6 fxe6 6. e4 Nxe4 7. Bd3 Nf6 8. cxb5
a6 9. O-O Be7 10. Qc2 O-O 11. Nc3 Bb7 12. Qe2 axb5 13. Nxb5 Nc6 14. Rd1 Qb8 15.
a4 Nb4 16. Bb1 Ng4 17. Rxd7 Bxf3 18. Qxe6+ Kh8 19. Rc7 Bd8 20. gxf3 Bxc7 21.
Nxc7 Qxc7 22. Qxg4 Rad8 23. Be4 Qf7 24. Be3 Nd5 25. Bxc5 Rfe8 {Game drawn by
mutual agreement} 1/2-1/2

[Event "Team 45 45 League T73"]
[Site "Internet Chess Club"]
[Date "2017.06.25"]
[Round "2"]
[White "Darshukarpov"]
[Black "kllrchris"]
[Result "1-0"]
[WhiteElo "1464"]
[BlackElo "1664"]
[Opening "Sicilian: Grand Prix attack"]
[ECO "B23"]
[Time "14:15:45"]
[TimeControl "2700+45"]

1. e4 c5 2. Nc3 Nc6 3. f4 g6 4. Nf3 Bg7 5. Bb5 Nd4 6. O-O Nxb5 7. Nxb5 d5 8.
exd5 a6 9. Nc3 Nf6 10. d4 c4 11. Qe2 b5 12. Re1 e6 13. dxe6 Bxe6 14. f5 gxf5 15.
Bg5 O-O 16. Rad1 Qb6 17. Kh1 Rae8 18. Qf2 Bc8 19. Bxf6 Qxf6 20. Nd5 Qd6 21. Ne3
f4 22. Nf1 Bb7 23. N1d2 Qg6 24. Ne5 Qxc2 25. Nd7 Rxe1+ 26. Rxe1 Rd8 27. Ne5 Qxb2
28. Qxf4 Bxe5 29. Qg5+ Bg7 30. Qxd8+ Bf8 31. Qg5+ Kh8 32. Nf3 Bxf3 33. Qf6+ Kg8
34. gxf3 Qc2 35. Rg1+ Qg6 36. Rxg6+ hxg6 37. Qxa6 {Black resigns} 1-0

[Event "Team 45 45 League T73"]
[Site "Internet Chess Club"]
[Date "2017.06.23"]
[Round "2"]
[White "qingjoshua"]
[Black "ears"]
[Result "0-1"]
[WhiteElo "1709"]
[BlackElo "1811"]
[Opening "Robatsch (modern) defense"]
[ECO "B06"]
[Time "23:01:49"]
[TimeControl "2700+45"]

1. e4 g6 2. d4 Bg7 3. Nf3 d6 4. h3 Nd7 5. Bd3 e6 6. O-O Ne7 7. c3 O-O 8. Be3 b6
9. Qc1 Bb7 10. Bh6 c5 11. Bxg7 Kxg7 12. Nbd2 Nc6 13. a3 Qf6 14. Nb3 Rac8 15.
dxc5 Nce5 16. Nxe5 Nxe5 17. Bc2 dxc5 18. Nd2 Rfd8 19. Rd1 Rc7 20. Nb3 Rcd7 21.
Rxd7 Rxd7 22. Qf1 Qd8 23. f4 Nd3 24. Bxd3 Rxd3 25. Qe2 a5 26. a4 f5 27. exf5
exf5 28. Qe5+ Kh6 29. Kh2 Qd5 30. Qe2 Ba6 31. Qc2 Bc4 32. Nc1 Rd2 {White
resigns} 0-1

[Event "Team 45 45 League T73"]
[Site "Internet Chess Club"]
[Date "2017.06.25"]
[Round "2"]
[White "cap78red"]
[Black "anishio"]
[Result "0-1"]
[WhiteElo "1398"]
[BlackElo "1566"]
[Opening "Grünfeld: 5.e3"]
[ECO "D94"]
[Time "12:00:39"]
[TimeControl "2700+45"]

1. c4 Nf6 2. Nc3 d5 3. e3 g6 4. d4 Bg7 5. Nf3 O-O 6. cxd5 Nxd5 7. Bc4 Nxc3 8.
bxc3 c5 9. O-O Nc6 10. Rb1 Qc7 11. d5 Rd8 12. Ng5 Na5 13. Nxf7 Nxc4 14. Nxd8
Qxd8 15. Qb3 Nd6 16. c4 Bf5 17. Bb2 Bxb1 18. Bxg7 Kxg7 19. Rxb1 Qa5 20. e4 b6
21. e5 Ne4 22. Qf3 Nd2 23. Qf4 Nxb1 24. e6 Qe1# {White checkmated} 0-1

[Event "Team 45 45 League T73"]
[Site "Internet Chess Club"]
[Date "2017.06.22"]
[Round "2"]
[White "cysk"]
[Black "backrankbrawler"]
[Result "0-1"]
[WhiteElo "1727"]
[BlackElo "1719"]
[Opening "French: advance, Paulsen attack"]
[ECO "C02"]
[Time "22:00:22"]
[TimeControl "2700+45"]

1. e4 e6 2. d4 d5 3. e5 c5 4. c3 Nc6 5. Nf3 Nge7 6. Bd3 cxd4 7. cxd4 Nf5 8. Bxf5
exf5 9. Nc3 Be6 10. O-O Be7 11. Qb3 Qd7 12. Ne2 h6 13. Bd2 g5 {White forfeits on
time} 0-1

[Event "Team 45 45 League T73"]
[Site "Internet Chess Club"]
[Date "2017.06.24"]
[Round "2"]
[White "rookbattery"]
[Black "AVEMARIA"]
[Result "1-0"]
[WhiteElo "1656"]
[BlackElo "1654"]
[Opening "Caro-Kann: advance variation"]
[ECO "B12"]
[Time "12:00:34"]
[TimeControl "2700+45"]

1. e4 c6 2. d4 d5 3. e5 Bf5 4. Nf3 e6 5. Be2 c5 6. Be3 Nc6 7. dxc5 Qa5+ 8. c3
Qc7 9. Qa4 Ne7 10. Na3 Qa5 11. Qxa5 Nxa5 12. Nb5 Kd7 13. Nd6 Bg6 14. b4 Nac6 15.
Nxb7 Nf5 16. b5 Nd8 17. c6+ Kc7 18. Nxd8 Nxe3 19. fxe3 Rxd8 20. a4 Bc5 21. Nd4
Rb8 22. Kd2 a6 23. Ra2 Bxd4 24. cxd4 Be4 25. Rg1 axb5 26. axb5 Ra8 27. Rga1
Rxa2+ 28. Rxa2 Rf8 29. Ra7+ Kb6 30. Rb7+ Ka5 31. c7 Rc8 32. b6 {Black resigns}
1-0

[Event "Team 45 45 League T73"]
[Site "Internet Chess Club"]
[Date "2017.06.28"]
[Round "2"]
[White "clarinetref"]
[Black "MasterD"]
[Result "1/2-1/2"]
[WhiteElo "1504"]
[BlackElo "1537"]
[Opening "Sicilian: Nimzovich-Rossolimo attack (with ...g6, without ...d6)"]
[ECO "B31"]
[Time "20:46:53"]
[TimeControl "2700+45"]

1. e4 c5 2. Nf3 Nc6 3. Bb5 g6 4. O-O Bg7 5. c3 Nf6 6. Re1 O-O 7. d4 cxd4 8. cxd4
d5 9. e5 Ne4 10. Bxc6 bxc6 11. Nc3 Nxc3 12. bxc3 Bf5 13. Nh4 Qd7 14. Nxf5 Qxf5
15. Ba3 Rfe8 16. Qa4 Qd7 17. Re3 e6 18. Bc5 Reb8 19. Qc2 Rb7 20. Rb1 Rab8 21.
Ree1 a6 22. Bd6 Rxb1 23. Rxb1 Rxb1+ 24. Qxb1 Qa7 25. Bb8 Qa8 26. Qb6 Bh6 27.
Qd8+ Bf8 28. h4 h5 29. Kh2 Kg7 30. Qf6+ Kg8 31. Bc7 Qe8 32. Kh3 Bg7 33. Qf3 Qc8
34. Bd6 Qb7 35. Bb4 Qb5 36. g4 Qf1+ 37. Kg3 hxg4 38. Kxg4 Qb1 39. a3 Bh6 40. Be7
Qg1+ 41. Kh3 Qf1+ 42. Kg3 Qg1+ 43. Kh3 Qf1+ 44. Kg3 Qg1+ {Game drawn by mutual
agreement} 1/2-1/2

[Event "Team 45 45 League T73"]
[Site "Internet Chess Club"]
[Date "2017.06.26"]
[Round "2"]
[White "KnightmanAJ"]
[Black "kutch"]
[Result "0-1"]
[WhiteElo "1454"]
[BlackElo "1475"]
[Opening "Giuoco Piano"]
[ECO "C54"]
[Time "20:00:50"]
[TimeControl "2700+45"]

1. e4 e5 2. Nf3 Nc6 3. Bc4 Bc5 4. c3 Nf6 5. d4 exd4 6. cxd4 Bb4+ 7. Bd2 Bxd2+ 8.
Nbxd2 d5 9. exd5 Nxd5 10. Qb3 Nce7 11. O-O O-O 12. Rfe1 c6 13. Ne5 Qc7 14. Rac1
Be6 15. Ne4 Rab8 16. Ng5 Qc8 17. Nxe6 fxe6 18. Nd3 b6 19. Nb4 Qd7 20. Nxd5 exd5
21. Bd3 Rf7 22. Qc2 g6 23. Qe2 Rbf8 24. f3 Re8 25. Qe6 Qxe6 26. Rxe6 Kf8 27.
Rce1 Rf4 28. Bc2 Rxd4 29. Rf6+ Kg7 30. Rxc6 Nxc6 31. Rxe8 Rd2 32. Ba4 Nd4 33.
Re7+ Kf6 34. Rxh7 b5 35. Bb3 Nxb3 36. axb3 Rxb2 37. Rxa7 Rxb3 38. Kf1 Ke5 39.
Ke2 Kd4 40. Rg7 Rb2+ 41. Kf1 b4 42. Rxg6 Kd3 43. h4 b3 44. Rb6 Ke3 45. Kg1 d4
46. Re6+ Kd2 47. h5 Rc2 48. Kf2 b2 49. Rb6 Kc1+ 50. Kg3 b1=Q 51. Rxb1+ Kxb1 52.
h6 d3 53. h7 Rc8 54. Kf2 d2 55. Ke2 Kc2 56. Ke3 d1=Q 57. g4 Qd3+ 58. Kf4 Qxh7
59. g5 Rf8+ 60. Kg4 Qf5+ 61. Kg3 Qxf3+ 62. Kh4 Rh8# {White checkmated} 0-1

[Event "Team 45 45 League T73"]
[Site "Internet Chess Club"]
[Date "2017.06.23"]
[Round "2"]
[White "Visin"]
[Black "mattwang"]
[Result "1-0"]
[WhiteElo "1168"]
[BlackElo "1386"]
[Opening "Sicilian defense"]
[ECO "B33"]
[Time "09:00:20"]
[TimeControl "2700+45"]

1. e4 c5 2. Nf3 Nc6 3. d4 cxd4 4. Nxd4 Nf6 5. Nc3 e6 6. a3 d5 7. e5 Nxe5 8. Bg5
h6 9. Bxf6 Qxf6 10. Qe2 Bc5 11. O-O-O Nc4 12. Nf3 O-O 13. Kb1 e5 14. Nxd5 Qa6
15. Qxc4 Qc6 16. Nxe5 Qd6 17. Nd3 Bb6 18. Nxb6 Qxb6 19. Be2 Be6 20. Qc5 Qd8 21.
Qe3 Re8 22. Qd2 Qd5 23. b3 Qxg2 24. Rdg1 Qh3 25. Nf4 Qf5 26. Nxe6 Qxe6 27. Bc4
Qf6 28. Re1 Red8 29. Qe3 Qc6 30. Qe7 Rd7 31. Qe4 Qf6 32. f3 Rdd8 33. Qxb7 Rdb8
34. Qe7 Qf5 35. Qe4 Qd7 36. Rd1 Qa4 37. Qd5 Qe8 38. Rhe1 Qf8 39. Qd7 Rd8 40. Qb7
Rdb8 41. Qd5 Rd8 42. Qxf7+ Qxf7 43. Bxf7+ Kxf7 44. Rxd8 Rxd8 45. Kc1 Kf6 46. Rd1
Re8 47. Kd2 Rd8+ 48. Ke2 Re8+ 49. Kf2 Kf5 50. Rd7 Rc8 51. Rxg7 Rxc2+ 52. Kg3 Rc3
53. Rxa7 Rxb3 54. a4 Ra3 55. a5 Kg5 56. a6 Kh5 57. Ra8 Ra4 58. a7 Ra6 59. f4 Ra5
60. Kf3 Ra3+ 61. Ke4 Ra4+ 62. Ke5 Ra5+ 63. Kd6 Ra2 64. Kc7 Rc2+ 65. Kb7 Rb2+ 66.
Kc6 Rc2+ 67. Kd5 Rd2+ 68. Ke5 Re2+ 69. Kf5 Ra2 70. Kf6 Ra6+ 71. Kg7 Rg6+ 72. Kf7
Ra6 73. f5 Ra5 74. f6 Ra2 75. Kg7 Rg2+ 76. Kh7 Rc2 77. f7 Rc7 78. Kg8 {Black
resigns} 1-0

[Event "Team 45 45 League T73"]
[Site "Internet Chess Club"]
[Date "2017.06.21"]
[Round "2"]
[White "QuieroAprender"]
[Black "Insan996"]
[Result "0-1"]
[WhiteElo "1619"]
[BlackElo "1653"]
[Opening "Nimzo-Indian: Leningrad variation"]
[ECO "E30"]
[Time "23:19:36"]
[TimeControl "2700+45"]

1. d4 Nf6 2. c4 e6 3. Nc3 Bb4 4. Bg5 c5 5. e3 Qa5 6. Qc2 Ne4 7. Qxe4 Bxc3+ 8.
Kd1 Bxb2 9. Rb1 Bc3 10. Qc2 cxd4 11. Rb5 Qa3 12. Rb3 Qc5 13. Rb5 Qc6 14. Bd3 a6
15. Rb1 Qxg2 16. Be4 Qf1# {White checkmated} 0-1

[Event "Team 45 45 League T73"]
[Site "Internet Chess Club"]
[Date "2017.06.25"]
[Round "2"]
[White "drsigmund1"]
[Black "tamky70"]
[Result "1-0"]
[WhiteElo "1423"]
[BlackElo "1312"]
[Opening "Modern defense"]
[ECO "A40"]
[Time "19:30:42"]
[TimeControl "2700+45"]

1. d4 g6 2. Bf4 Bg7 3. Nf3 Nf6 4. Nc3 d6 5. e4 O-O 6. Qd2 Bg4 7. Be2 Bxf3 8.
Bxf3 Nbd7 9. h4 e5 10. dxe5 Nxe5 11. O-O-O Nxf3 12. gxf3 Nh5 13. Bg5 Qc8 14. Nd5
Qd7 15. Bh6 Bxh6 16. Qxh6 c6 17. Ne3 Qe6 18. Kb1 d5 19. exd5 cxd5 20. Nxd5 Rad8
21. Rhe1 Qf5 22. Ne7+ {Black resigns} 1-0

[Event "Team 45 45 League T73"]
[Site "Internet Chess Club"]
[Date "2017.06.25"]
[Round "2"]
[White "rhayder"]
[Black "Andaluz"]
[Result "0-1"]
[WhiteElo "1109"]
[BlackElo "1308"]
[Opening "Sicilian defense"]
[ECO "B33"]
[Time "04:02:46"]
[TimeControl "2700+45"]

1. e4 c5 2. Nf3 Nc6 3. d4 cxd4 4. Nxd4 Nf6 5. Nc3 a6 6. Be2 d6 7. Be3 Ne5 8. O-O
Bg4 9. Nd5 Bxe2 10. Qxe2 Nxe4 11. f3 Nc5 12. f4 Nc6 13. b4 Nxd4 14. Bxd4 Nd7 15.
c4 e6 16. Nc3 Nf6 17. Qf3 Qc7 18. Qe2 Qd8 19. Qf3 Qd7 20. a3 Be7 21. Qg3 O-O 22.
Ne4 Kh8 23. Ng5 h6 24. Ne4 Rg8 25. Nc3 Rac8 26. Na4 Qxa4 {White resigns} 0-1

[Event "Team 45 45 League T73"]
[Site "Internet Chess Club"]
[Date "2017.06.26"]
[Round "2"]
[White "Elalfer"]
[Black "kllrchris"]
[Result "0-1"]
[WhiteElo "1556"]
[BlackElo "1676"]
[Opening "King's Indian: Petrosian system, Stein variation"]
[ECO "E92"]
[Time "21:13:49"]
[TimeControl "2700+45"]

1. d4 Nf6 2. c4 g6 3. Nc3 Bg7 4. Nf3 O-O 5. e4 d6 6. Be2 e5 7. d5 a5 8. O-O Na6
9. h3 h6 10. Be3 Nc5 11. Qc2 Nfxe4 12. Nxe4 Nxe4 13. Qxe4 Bf5 14. Qh4 g5 15.
Nxg5 hxg5 16. Bxg5 f6 17. Be3 Bg6 18. f4 f5 19. Qg3 Kf7 20. Rab1 Rg8 21. fxe5
dxe5 22. Bg5 Bf6 23. Bxf6 Qxf6 24. Qf2 Rg7 25. Bg4 f4 26. Rbe1 Rh8 27. Qc5 Kg8
28. Qxa5 Bf5 29. Bxf5 Qxf5 30. Qc3 Rxh3 31. Rf3 Qg4 32. Re2 Rxf3 33. Qxe5 Re3
{White resigns} 0-1

[Event "Team 45 45 League T73"]
[Site "Internet Chess Club"]
[Date "2017.06.25"]
[Round "2"]
[White "krysto"]
[Black "Mitochondria"]
[Result "1-0"]
[WhiteElo "1586"]
[BlackElo "1570"]
[Opening "King's Indian: orthodox, Aronin-Taimanov, main line"]
[ECO "E99"]
[Time "21:08:12"]
[TimeControl "2700+45"]

1. d4 Nf6 2. c4 g6 3. Nc3 Bg7 4. e4 d6 5. Nf3 O-O 6. Be2 e5 7. O-O Nc6 8. d5 Ne7
9. Ne1 Nd7 10. f3 f5 11. Be3 f4 12. Bf2 g5 13. Nd3 Ng6 14. b4 Rf7 15. Qb3 Bf8
16. c5 Nf6 17. Rfc1 h5 18. cxd6 cxd6 19. Nb5 a6 20. Na7 Bd7 21. b5 g4 22. b6
gxf3 23. Bxf3 Ng4 24. Rc7 Nxf2 25. Nxf2 Bg4 26. Rxf7 Kxf7 27. Rc1 Bxf3 28. Rc7+
Ke8 29. Qxf3 Qg5 30. Nh3 Qg4 31. Rxb7 Nh4 32. Qxg4 hxg4 33. Ng5 Ng6 34. Rc7 Ne7
35. b7 Rb8 36. Ne6 Bh6 37. Rxe7+ Kxe7 38. Nc6+ Kd7 39. Nxb8+ {Black resigns} 1-0

[Event "Team 45 45 League T73"]
[Site "Internet Chess Club"]
[Date "2017.06.24"]
[Round "2"]
[White "UrsaMajor"]
[Black "Pawnchain"]
[Result "1-0"]
[WhiteElo "1433"]
[BlackElo "1457"]
[Opening "French defense"]
[ECO "C00"]
[Time "08:10:16"]
[TimeControl "2700+45"]

1. e4 e6 2. Nf3 d5 3. exd5 exd5 4. d4 Bd6 5. c4 Ne7 6. Nc3 dxc4 7. Bxc4 O-O 8.
O-O c6 9. Ne4 Bf5 10. Nxd6 Qxd6 11. Re1 Nd7 12. Bg5 {Black resigns} 1-0

[Event "Team 45 45 League T73"]
[Site "Internet Chess Club"]
[Date "2017.06.25"]
[Round "2"]
[White "ascoli"]
[Black "viktory"]
[Result "0-1"]
[WhiteElo "1533"]
[BlackElo "1680"]
[Opening "Sicilian: closed, Smyslov variation"]
[ECO "B24"]
[Time "12:59:20"]
[TimeControl "2700+45"]

1. e4 c5 2. Nc3 g6 3. g3 Bg7 4. Bg2 Nc6 5. d3 e6 6. Be3 Nd4 7. Nce2 Ne7 8. c3
Nxe2 9. Nxe2 d6 10. O-O O-O 11. Qd2 Rb8 12. f4 Bd7 13. Rf2 b5 14. a3 a5 15. d4
Qc7 16. Rc1 Bc6 17. f5 exf5 18. exf5 Nxf5 19. Bf4 Bxg2 20. Kxg2 Qc6+ 21. Kg1
Rbd8 22. d5 Qb6 23. Rcf1 Rfe8 24. g4 Ne7 25. Bg5 f5 26. gxf5 Nxf5 27. Bxd8 Qxd8
28. Nf4 Qg5+ 29. Rg2 Qh6 30. Ne6 Qxd2 31. Rxd2 Bh6 32. Rd3 Re7 33. Rh3 Bd2 34.
Rg3 Rf7 35. Rg2 Be3+ 36. Kh1 Ng3+ 37. hxg3 Rxf1+ 38. Kh2 Rf5 39. Nc7 Rh5# {White
checkmated} 0-1